 Dungeon Crawl Stone Soup version 0.29-a0-284-gf9362112df (webtiles) character file.

Game seed: 3772442256295466611

0 rkoni the Skirmisher (level 1, -2/18 HPs)
             Began as a Merfolk Fighter on Mar 30, 2022.
             Succumbed to a kobold's poison
             ... on level 1 of the Dungeon.
             The game lasted 00:00:33 (19 turns).

rkoni the Skirmisher (Merfolk Fighter)                Turns: 19, Time: 00:00:34

Health: -2/18      AC:  6    Str: 16    XL:     1   Next: 0%
Magic:  1/1        EV:  8    Int:  7    God:
Gold:   0          SH:  4    Dex: 13    Spells: 0/0 levels left

rFire   . . .      SeeInvis .   a - +0 trident
rCold   . . .      Faith    .   c - +0 buckler
rNeg    . . .      Spirit   .   b - +0 scale mail
rPois   .          Reflect  .   (no helmet)
rElec   .          Harm     .   (no cloak)
rCorr   .          Rampage  .   (no gloves)
Will    .....                   (no boots)
Stlth   ..........              (no amulet)
HPRegen 0.06/turn               (no ring)
MPRegen 0.07/turn               (no ring)

@: lethally poisoned (-2 -> -20)
A: (nimble swimmer 2), mertail
a: no special abilities


You were on level 1 of the Dungeon.
You visited 1 branch of the dungeon, and saw 1 of its levels.

Inventory:

Hand Weapons
 a - a +0 trident (weapon)
Armour
 b - a +0 scale mail (worn)
 c - a +0 buckler (worn)
Scrolls
 e - a scroll of identify {unknown}
Potions
 d - a potion of might


   Skills:
 + Level 3.2 Fighting
 + Level 2.6 Polearms
 + Level 2.1 Armour
 + Level 3.0 Shields


You couldn't memorise any spells.
You didn't know any spells.
Your spell library was empty.

Dungeon Overview and Level Annotations

Branches:
Dungeon (1/15)

Altars:


Innate Abilities, Weirdness & Mutations

((You are very nimble when in or above water. (Stealth+, EV+, Speed+++)))
Your lower body shifts to a powerful aquatic tail in water.


Message History

Welcome, rkoni the Merfolk Fighter.
Below lies the Orb of Zot, rumoured to be powerful enough to resurrect a god...
Press ? for a list of commands and other information.
Found a scroll labelled FAIG YLUADGH.
Found a staircase leading out of the dungeon.
Your legs become a tail as you enter the water.
e - a scroll labelled FAIG YLUADGH A kobold comes into view.
It is wielding a +1 dagger of venom.
The kobold shouts!
The kobold throws a stone.
The stone hits you but does no damage.
Found 17 gold pieces.
The kobold throws a stone.
The stone closely misses you.
Your legs become a tail as you enter the water.
Found a scroll labelled JONNEWKYTAR.
The kobold throws a stone.
The stone hits you but does no damage.
The kobold throws a stone.
The stone hits you.
You closely miss the kobold. You block the kobold's attack.
The kobold hits you with a +1 dagger of venom.
You are poisoned.
You hit the kobold but do no damage.
You feel sick.
The kobold hits you with a +1 dagger of venom.
You hit the kobold but do no damage.
You feel sick. The kobold hits you but does no damage.
You are lethally poisoned!
You barely miss the kobold.
You feel very sick. You block the kobold's attack.
You closely miss the kobold.
You feel sick. The kobold hits you but does no damage.
You are more poisoned.
You barely miss the kobold.
* * * LOW HITPOINT WARNING * * *
You feel very sick. The kobold hits you but does no damage.
You are more poisoned.
You block the kobold's attack.
You hit the kobold.
You kill the kobold!
You die...

...# #.. .$.## #.#
#...### ##.## ##.
#.....####...####...
#.....#..≈..#..... .##
#8..≈....≈....≈..8
....#
##...≈..≈≈≈..≈...#
#...#.....≈≈≈≈≈≈≈.....
#....@..≈≈≈≈...≈≈≈≈...
#...).≈≈≈≈≈..<..≈≈≈≈≈.
#?......≈≈≈≈...≈≈≈≈...
#...#.....≈≈≈≈≈≈≈.....
###.##...≈..≈≈≈..≈...#
#. 8..≈....≈....≈..8 #
.....#..≈..#.....
..####...####... ##
##.## ##.


There were no monsters in sight!

Vanquished Creatures
  A kobold (D:1)
1 creature vanquished.

Notes
Turn   | Place    | Note
-------+----------+-------------------------------------------
     0 | D:1      | rkoni the Merfolk Fighter began the quest for the Orb.
     0 | D:1      | Reached XP level 1. HP: 18/18 MP: 1/1
    19 | D:1      | Succumbed to a kobold's poison

Illustrated notes

Levels and vault maps discovered:
D:1:      eino_arrival_water_star, layout_basic,
          dreamdust_ecumenical_altar_statues

Action                   || total
-------------------------++-------
Melee: Trident           ||     7
Armor: Scale mail        ||     5
Dodge: Dodged            ||     1
Block: Buckler           ||     3

Table legend: (Time is in decaauts)
 A = Elapsed time spent in this place.
 B = Non-inter-level travel time spent in this place.
 C = Inter-level travel time spent in this place.
 D = Time resting spent in this place.
 E = Time spent auto-exploring this place.
 F = Levels seen in this place.
 G = Mean time per level.
                   A        B        C        D        E       F      G
               +--------+--------+--------+--------+--------+-----+--------+
         Total |     19 |     13 |      6 |      0 |      0 |   1 |   19.0 |
       Dungeon |     19 |     13 |      6 |      0 |      0 |   1 |   19.0 |
               +--------+--------+--------+--------+--------+-----+--------+

Top non-repeatable levels by time:
     D:1: 19 daAuts
